 Dungeon Crawl Stone Soup version 0.29.0-11-gd7f09526c8 (webtiles) character file.

Game seed: 10061349062249340479

2809 pacmanke6689 the Cleaver (level 9, -2/72 (80) HPs)
             Began as a Hill Orc Fighter on Sept 3, 2022.
             Was a Follower of Ashenzari.
             Slain by a wight
             ... wielding a +4 battleaxe
              (7 damage)
             ... on level 7 of the Dungeon.
             The game lasted 00:21:52 (7192 turns).

pacmanke6689 the Cleaver (Hill Orc Fighter)         Turns: 7192, Time: 00:21:53

HP:   -2/72 (80)    AC: 11    Str: 21    XL:     9   Next: 72%
MP:   9/9           EV: 12    Int:  8    God:    Ashenzari [*.....]
Gold: 261           SH:  6    Dex: 16    Spells: 6/8 levels left

rFire   . . .      SeeInvis .   a - +2 war axe (protect)
rCold   . . .      Faith    .   c - +0 buckler "Behold Eternity" {Alch, Bglg} (curse)
rNeg    . . .      Spirit   .   q - +1 leather armour of Dramatic Exits {Dex+4}
rPois   .          Reflect  .   (no helmet)
rElec   .          Harm     .   l - scarf "At What Cost Knowledge?" {shadows, Bglg, Evo} (curse)
rCorr   .          Rampage  .   (no gloves)
Will    .....                   (no boots)
Stlth   ++........              (no amulet)
HPRegen 0.22/turn               r - ring of flight
MPRegen 0.11/turn               (no ring)

@: under a protective aura, flying, heavily drained
A: no striking features
a: Renounce Religion, Shatter the Chains


You were on level 7 of the Dungeon.
You worshipped Ashenzari.
Ashenzari was aware of your devotion.
You visited 1 branch of the dungeon, and saw 7 of its levels.

You collected 437 gold pieces.
You spent 176 gold pieces at shops.

Inventory:

Hand Weapons
 a - a +2 war axe of protection (weapon)
Armour
 b - a +0 scale mail
 c - the cursed +0 buckler "Behold Eternity" (worn) {Alch, Bglg}

   It has a curse which improves the following skills: Alchemy: Poison Magic and
   Transmutations.
   Beguiling: Conjurations, Hexes and Translocations.
 l - the cursed scarf "At What Cost Knowledge?" (worn) {shadows, Bglg, Evo}
   (You found it on level 2 of the Dungeon)

   It has a curse which improves the following skills: Beguiling: Conjurations,
   Hexes and Translocations.
   Evocations: Evocations.
 o - a +0 pair of boots
 q - the +1 leather armour of Dramatic Exits (worn) {Dex+4}
   (You found it on level 4 of the Dungeon)

   Dex:       It affects your dexterity (+4).
 s - a +1 ring mail of willpower
Jewellery
 r - a ring of flight (left hand)
Wands
 u - a wand of flame (14)
Scrolls
 e - a scroll of amnesia
 h - 4 scrolls of vulnerability
 j - a scroll of identify
 k - a scroll of blinking
Potions
 d - 2 potions of might
 f - a potion of magic
 g - 2 potions of attraction
 i - 2 potions of curing
 m - a potion of lignification
 n - a potion of resistance
 t - a potion of berserk rage


   Skills:
 + Level 7.7 Fighting
 + Level 11.9 Axes
 + Level 5.5 Armour
 + Level 3.4 Dodging
 + Level 1.3 Stealth
 + Level 5.6 Shields


You had 6 spell levels left.
You knew the following spells:

 Your Spells              Type           Power      Damage    Failure   Level
a - Blink                 Tloc           0%         N/A       67%         2

Your spell library contained the following spells:

 Spells                   Type           Power      Damage    Failure   Level
 Summon Small Mammal      Summ           0%         N/A       54%         1
 Call Canine Familiar     Summ           0%         N/A       88%         3
 Summon Guardian Golem    Hex/Summ       0%         N/A       88%         3
 Manifold Assault         Tloc           0%         N/A       100%        5
 Storm Form               Tmut/Air       0%         N/A       100%        7


Dungeon Overview and Level Annotations

Branches:
Dungeon (7/15)
 Temple: D:4-7

Altars:
Ashenzari
Dithmenos
Ru
Sif Muna
Xom

Shops:
D:4 [   D:5 [


Message History

The killer bee stings you but does no damage.
The killer bee misses you.
You hit the killer bee but do no damage.
The killer bee is almost dead.
You feel sick.
The killer bee stings you but does no damage.
The killer bee closely misses you.
As you read the scroll of fog, it crumbles to dust.
The scroll dissolves into smoke.
You feel sick. You block the killer bee's attack.
The killer bee barely misses you.
Blink to where?
Press: ? - help, Dir - move target
As you read the scroll of blinking, it crumbles to dust.
You feel sick.
You feel better. The killer bee barely misses you.
The killer bee closely misses you.
You closely miss the killer bee.
The killer bee is almost dead.
The killer bee stings you but does no damage. x2
You closely miss the killer bee.
The killer bee is severely wounded.
You hit the wight but do no damage.
Your weapon exudes an aura of protection.
The killer bee stings you but does no damage.
The wight hits you with a +0 long sword.
You feel drained. The killer bee stings you.
You hit the killer bee.
You kill the killer bee!
You closely miss the wight. The wight barely misses you.
You closely miss the wight. You hit the wight.
The wight hits you with a +0 long sword.
You feel drained. The wight hits you with a +4 battleaxe!
* * * LOW HITPOINT WARNING * * *
You feel drained.
* * * LOW HITPOINT WARNING * * *
You feel better. The wight barely misses you.
The wight hits you with a +4 battleaxe!!
* * * LOW HITPOINT WARNING * * *
You feel drained.
You die...

##.##..$.#
##........#
#....§...#
...§§...#
####§§§§§#
#.@z§§§§.#
#####.§z§§§§#
#.....§§§§###
####.###...###
#....#...###
#...###
#....###
#..##. #.^ ##


You could see 2 wights.

Vanquished Creatures
  A kobold demonologist (D:6)
  Grinder (D:3)
  A water moccasin (D:6)
  A black bear (D:6)
  An ice beast (D:6)
  2 orc warriors (D:6)
  A centaur (D:7)
  2 ogres
  A phantom (D:6)
  A bullfrog (D:6)
  6 necrophages
  4 scorpions
  A wight (D:7)
  4 killer bees (D:7)
  A howler monkey (D:6)
  2 jellies
  Crazy Yiuf (D:2)
  3 hounds
  A gnoll bouda (D:6)
  5 iguanas
  Jessica (D:2)
  3 orc wizards
  4 gnolls (D:5)
  6 adders
  2 shadow imps (D:6)
  A white imp (D:4)
  An ufetubus (D:6)
  3 worms
  3 dart slugs
  12 orcs
  3 ball pythons
  2 endoplasms
  3 giant cockroaches
  7 goblins
  2 hobgoblins
  3 jackals (D:1)
  2 quokkas
  5 bats
  5 frilled lizards
  2 kobolds
  8 rats
118 creatures vanquished.

Notes
Turn   | Place    | Note
-------+----------+-------------------------------------------
     0 | D:1      | pacmanke6689 the Hill Orc Fighter began the quest for the
                  | Orb.
     0 | D:1      | Reached XP level 1. HP: 19/19 MP: 1/1
    67 | D:1      | Reached skill level 3 in Axes
    87 | D:1      | Reached XP level 2. HP: 27/27 MP: 2/2
   748 | D:1      | Found a faded altar of an unknown god.
   828 | D:1      | Reached skill level 4 in Axes
   828 | D:1      | Reached XP level 3. HP: 32/33 MP: 3/3
  1204 | D:2      | Found a runed translucent door.
  1205 | D:2      | Noticed Crazy Yiuf
  1757 | D:2      | Noticed Jessica
  1759 | D:2      | Killed Jessica
  1760 | D:2      | Reached XP level 4. HP: 41/41 MP: 4/4
  2038 | D:2      | Killed Crazy Yiuf
  2039 | D:2      | Reached skill level 5 in Axes
  2233 | D:3      | Found a shimmering altar of Xom.
  2235 | D:3      | Found a shimmering altar of Xom.
  2236 | D:3      | Found a shimmering altar of Xom.
  2237 | D:3      | Found a shimmering altar of Xom.
  2277 | D:3      | Reached XP level 5. HP: 47/47 MP: 5/5
  2404 | D:3      | Noticed Grinder
  2417 | D:3      | Killed Grinder
  2418 | D:3      | Reached skill level 6 in Axes
  2418 | D:3      | Reached XP level 6. HP: 19/55 MP: 6/6
  2901 | D:3      | Found a shimmering blue altar of Sif Muna.
  3093 | D:4      | Identified the +1 leather armour of Dramatic Exits {Dex+4}
  3113 | D:4      | Found Vifin's Armour Shoppe.
  3401 | D:4      | Reached skill level 7 in Axes
  3528 | D:4      | Reached skill level 5 in Fighting
  3597 | D:4      | Found a shadowy altar of Dithmenos.
  3699 | D:4      | Reached XP level 7. HP: 61/61 MP: 7/7
  4016 | D:4      | Bought a +1 ring mail of willpower for 176 gold pieces
  4052 | D:5      | Entered Level 5 of the Dungeon
  4070 | D:5      | Found Siarem's Armour Emporium.
  4247 | D:5      | Found a broken altar of Ashenzari.
  4253 | D:5      | Became a worshipper of Ashenzari the Shackled
  4289 | D:5      | Reached skill level 8 in Axes
  4289 | D:5      | Reached skill level 5 in Armour
  4468 | D:5      | Found a sacrificial altar of Ru.
  4744 | D:6      | Reached XP level 8. HP: 68/70 MP: 8/8
  4788 | D:6      | HP: 3/70 [something (8)]
  5113 | D:6      | Reached skill level 9 in Axes
  5113 | D:6      | Reached skill level 1 in Dodging
  5457 | D:6      | Noticed a kobold demonologist
  5467 | D:6      | Reached skill level 10 in Axes
  5467 | D:6      | Reached skill level 1 in Stealth
  5468 | D:6      | Noticed an orange demon
  5472 | D:6      | Reached skill level 5 in Shields
  5474 | D:6      | Noticed a sun demon
  5770 | D:6      | Reached XP level 9. HP: 60/78 MP: 9/9
  5981 | D:6      | Learned a level 2 spell: Blink
  6019 | D:6      | Noticed a sixfirhy
  6019 | D:6      | Killed a kobold demonologist
  6020 | D:6      | Reached skill level 11 in Axes
  6820 | D:6      | Reached * piety under Ashenzari
  7192 | D:7      | Slain by a wight

Illustrated notes

Levels and vault maps discovered:
D:1:      dpeg_arrival_more_subterranean_lakeside_camping, layout_basic,
          ebering_ecumenical_altar_hall
D:2:      layout_basic, uniq_jessica, uniq_crazy_yiuf_cottage
D:3:      layout_rooms, xom_redecorated, kennysheep_orc_sif_temple, uniq_grinder
D:4:      layout_cave_pools, nicolae_dithmenos_through_a_glass_darkly,
          serial_shops, nicolae_square_shop, serial_glass, glass_columns_b,
          glass_columns_a
D:5:      layout_rooms, lemuel_coloured_pillars_altar, evilmike_ruin_ashenzari,
          serial_shops, nicolae_shop_temple_entry_statues_fountains,
          lemuel_another_geyser
D:6:      layout_basic, nzn_random_ring
D:7:      minmay_the_grid_four_pointed_star
          [minmay_the_grid_triangle_9x9_flanged_cone,
          minmay_the_grid_triangle_9x9_fully_insulated_deathbox,
          minmay_the_grid_triangle_9x9_impossible_snake,
          minmay_the_grid_triangle_9x9_intruding_spiral,
          minmay_the_grid_prize_four_corners_diamond_a], layout_cave_pools,
          lemuel_tele_altar, minmay_temple_entry_from_below_a

Skill      XL: |  1  2  3  4  5  6  7  8  9 |
---------------+----------------------------+-----
Axes           | 3 4 5 6 7 8 10 11 | 11.9
Fighting       | 4 5 6 7 |  7.7
Armour         | 4 5 |  5.5
Shields        | 4 5 |  5.6
Dodging        | 2 3 |  3.4
Stealth        | 1 |  1.3

Action                   |  1- 3 |  4- 6 |  7- 9 || total
-------------------------+-------+-------+-------++-------
Melee: War axe           |    98 |   106 |   259 ||   463
Invok: Curse Item        |       |       |     2 ||     2
  Use: Scroll            |       |    10 |     9 ||    19
       Potion            |       |     3 |     8 ||    11
 Stab: Distracted        |       |       |     1 ||     1
Armor: Scale mail        |    40 |    21 |       ||    61
       Leather armour    |       |    23 |    97 ||   120
Dodge: Dodged            |    43 |    42 |   170 ||   255
Block: Buckler           |    20 |    28 |    72 ||   120
